 Dungeon Crawl Stone Soup version 0.17-a0-744-gaa96792 (webtiles) character file.

44 oplop the Digger (level 3, -2/20 HPs)
             Began as a Gargoyle Earth Elementalist on Apr 21, 2015.
             Killed by nerve-wracking pain
             ... invoked by Jessica
              (9 damage)
             ... on level 2 of the Dungeon.
             The game lasted 00:02:08 (912 turns).

oplop the Digger (Gargoyle Earth Elementalist)       Turns: 912, Time: 00:02:08

Health: -2/20      AC:  9    Str: 11    XL:     3   Next: 62%
Magic:  0/7        EV: 12    Int: 16    God:
Gold:   89         SH:  0    Dex: 10    Spells: 1 memorised, 6 levels left

rFire  . . .     SeeInvis .     a - 115 stones
rCold  . . .     Clarity  .     b - +0 robe
rNeg   + . .     SustAb   .     (no shield)
rPois  ∞         Gourm    .     (no helmet)
rElec  +         Spirit   .     k - +2 cloak
rCorr  .         Warding  .     (no gloves)
rMut   .         Stasis   .     j - +0 pair of boots
MR     .....                    (no amulet)
Stlth  ++........               (no ring)
                                (no ring)

@: not resistant to hostile enchantments, unstealthy
A: negative energy resistance 1, electricity resistance, unbreathing,
petrification resistance, rot immunity, AC +3
a: no special abilities


You were on level 2 of the Dungeon.
You were not hungry.

You visited 1 branch of the dungeon, and saw 2 of its levels.

You collected 89 gold pieces.

Inventory:

Hand weapons
 l - a +0 mace
Missiles
 a - 115 stones (in hand)
Armour
 b - a +0 robe (worn)
 j - a +0 pair of boots (worn)
 k - a +2 cloak (worn)
Scrolls
 g - a scroll of remove curse {unknown}
 m - a scroll of enchant armour {unknown}
 n - a scroll of identify {unknown}
 q - a scroll of noise {unknown}
 s - a scroll of teleportation {unknown}
Potions
 e - a potion of cancellation {unknown}
 f - a potion of haste {unknown}
 i - a potion of brilliance {unknown}
 p - a potion of resistance {unknown}
Books
 c - a book of Geomancy

   Spells                             Type                      Level
   a - Sandblast                      Earth                        1
   b - Stoneskin                      Transmutation/Earth          2
   c - Passwall                       Transmutation/Earth          3
   d - Stone Arrow                    Conjuration/Earth            3
   e - Petrify                        Transmutation/Earth          4
   f - Lee's Rapid Deconstruction     Earth                        5
Comestibles
 d - 2 bread rations
 h - a meat ration
 o - 4 fruits
 r - 2 chunks of flesh


   Skills:
 + Level 1.2 Fighting
 - Level 1.5 Dodging
 - Level 2.1 Stealth
 * Level 2.7 Spellcasting
   Level 0.7 Transmutations
 * Level 4.4 Earth Magic


You had 6 spell levels left.
You knew the following spells:

 Your Spells              Type           Power        Failure   Level  Hunger
a - Sandblast             Erth           ###...       3%          1    #......


Dungeon Overview and Level Annotations

Branches:
Dungeon (2/15)

Altars:

Annotations:
D:2 Jessica


Innate Abilities, Weirdness & Mutations

You are resistant to torment.
Your stone body is resilient (AC +3).
You are immune to poison.
You resist negative energy.
You are resistant to electric shocks.
You can survive without breathing.
You are immune to petrification.
You are immune to rotting.


Message History

You kill the kobold!
Jessica mumbles some strange words.
Jessica seems to speed up.
A kobold comes into view.
The kobold shouts!
The kobold throws a stone.
The stone hits you but does no damage.
You see here a stone.
Jessica shouts!
The kobold throws a stone.
The stone hits you but does no damage.
You see here a stone.
Casting: Sandblast
Confirm with . or Enter, or press ? or * to list all spells.
Aiming: Sandblast
Press: ? - help, Shift-Dir - straight line, f - Jessica
Aim: Jessica, wearing a robe and carrying a wand of digging {zapped: 1} (fast, unusually agile)
The rocky blast hits Jessica.
Jessica is heavily wounded.
Jessica points at you and mumbles some strange words.
Pain shoots through your body!
You die...

.... #####.# #......
####.....#
...K.>.......###.# #.
#.......###..#....
#...##.............#....
#.....#.......###....#..
#.................#..##.
#.....#.#.#.#.###.......
#......@(##....†.....##.
#...#.#.#.#.............
# ...@#.##............##
#.#..@###.#'#.#.....##
#. #....†....#.#....##.
# #+##....###......#..
#...........######.#..
#...........# .#..
#...........# ##.


You could see Jessica and a kobold.

Vanquished Creatures
  2 adders (D:2)
  An ooze (D:2)
  A worm (D:2)
  A giant gecko (D:2)
  3 bats (D:2)
  A giant cockroach (D:1)
  2 goblins (D:1)
  2 hobgoblins (D:1)
  4 kobolds
  2 giant newts
  A rat (D:2)
20 creatures vanquished.

Notes
Turn   | Place    | Note
--------------------------------------------------------------
     0 | D:1      | oplop, the Gargoyle Earth Elementalist, began the quest for the Orb.
     0 | D:1      | Reached XP level 1. HP: 10/10 MP: 3/3
   384 | D:1      | Reached XP level 2. HP: 13/16 MP: 1/5
   392 | D:1      | Reached skill level 4 in Earth Magic
   784 | D:2      | Reached XP level 3. HP: 17/20 MP: 3/6
   799 | D:2      | Reached skill level 1 in Fighting
   893 | D:2      | Noticed Jessica
   912 | D:2      | Killed from afar by Jessica

Action                   || total
-------------------------++-------
Melee: Unarmed           ||    11
       Mace              ||    45
 Cast: Sandblast         ||    28
 Stab: Sleeping          ||     1
